 Dungeon Crawl Stone Soup version 0.20.0-15-g7f486f2 (webtiles) character file.

133 skittles the Firebug (level 4, -4/33 HPs)
             Began as a Draconian Fire Elementalist on June 10, 2017.
             Shot with an arrow by a centaur (11 damage)
             ... on level 3 of the Dungeon.
             The game lasted 00:05:44 (2621 turns).

skittles the Firebug (Draconian Fire Elementalist)  Turns: 2621, Time: 00:05:45

Health: -4/33      AC:  5    Str: 11    XL:     4   Next: 93%
Magic:  4/7        EV: 12    Int: 16    God:
Gold:   107        SH:  0    Dex: 11    Spells: 3/7 levels left

rFire    . . .     SeeInvis .   n - +0 short sword
rCold    . . .     Gourm    .   (no shield)
rNeg     . . .     Faith    .   (armour unavailable)
rPois    .         Spirit   .   (helmet restricted)
rElec    .         Reflect  .   (no cloak)
rCorr    .         Harm     .   (no gloves)
MR       .....                  (no boots)
Stlth    ++........             (no amulet)
Regen    0.2/turn               (no ring)
MPRegen  0.1/turn               (no ring)

@: no status effects
A: unfitting armour, cold-blooded, AC +5
a: no special abilities


You were on level 3 of the Dungeon.
You were very hungry.

You visited 1 branch of the dungeon, and saw 3 of its levels.

You collected 107 gold pieces.

Inventory:

Hand Weapons
 g - a +0 dagger
 n - a +0 short sword (weapon)
Jewellery
 s - an uncursed ring of resist corrosion {unknown}
Wands
 o - a wand of paralysis (12/24)
Scrolls
 d - a scroll of amnesia {unknown}
 h - a scroll of immolation {unknown}
 j - 2 scrolls of remove curse
 k - 2 scrolls of identify {unknown}
 m - a scroll of fog {unknown}
 p - a scroll of teleportation {unknown}
 q - a scroll of enchant armour {unknown}
 r - a scroll of noise {unknown}
 v - a scroll of enchant weapon {unknown}
Potions
 c - a potion of curing
 f - 2 potions of haste {unknown}
 l - 2 potions of mutation {unknown}
 u - a potion of flight {unknown}
Books
 a - a book of Flames

   Spells                             Type                      Level
   a - Flame Tongue                   Conjuration/Fire             1
   b - Throw Flame                    Conjuration/Fire             2
   c - Conjure Flame                  Conjuration/Fire             3
   d - Inner Flame                    Hexes/Fire                   3
   e - Sticky Flame                   Conjuration/Fire             4
   f - Fireball                       Conjuration/Fire             5
Comestibles
 b - 4 bread rations
 i - a meat ration


   Skills:
 - Level 1.7 Dodging
 - Level 1.7 Stealth
 - Level 2.0 Spellcasting
 + Level 3.2 Conjurations
 + Level 4.6 Fire Magic


You had 3 spell levels left.
You knew the following spells:

 Your Spells              Type           Power        Failure   Level  Hunger
a - Flame Tongue          Conj/Fire      ##...        4%          1    #......
b - Conjure Flame         Conj/Fire      ##......     12%         3    ###....


Dungeon Overview and Level Annotations

Branches:
Dungeon (3/15)

Altars:


Innate Abilities, Weirdness & Mutations

Your plain brown scales are hard. (AC +5)
You cannot fit into any form of body armour.
You are cold-blooded and may be slowed by cold attacks.


Message History

The centaur shoots an arrow.
The arrow hits you.
Casting: Flame Tongue
Confirm with . or Enter, or press ? or * to list all spells.
Aiming: Flame Tongue
Press: ? - help, Shift-Dir - straight line, f - hobgoblin
Aim: a hobgoblin The flame tongue hits the hobgoblin.
You kill the hobgoblin!
The centaur shoots an arrow.
The arrow hits you.
Casting: Flame Tongue
Confirm with . or Enter, or press ? or * to list all spells.
Aiming: Flame Tongue
Press: ? - help, Shift-Dir - straight line, f - centaur
Aim: a centaur, wielding a shortbow The flame tongue hits the centaur.
The centaur is moderately wounded.
The centaur shoots an arrow.
The arrow hits you.
* * * LOW HITPOINT WARNING * * *
The centaur shoots an arrow.
The arrow hits you!
You die...

....... .......
....... .......
.......######
..>.........#
....##......# .
.##......####
.........c(@.#
#.#........##.#
..........##.#
..#...#...###.#
!.#........##.#######
#...#....##.#.....#
#........##.#.###.#
).... #.......##.#.#
#.#
.....##.......##...#
#.#


You could see a centaur.

Vanquished Creatures
  An orc wizard (D:3)
  A hound (D:3)
  3 adders
  A leopard gecko (D:1)
  3 orcs (D:3)
  8 goblins
  5 hobgoblins
  3 kobolds
  2 ball pythons (D:1)
  8 bats
  5 frilled lizards
  A rat (D:1)
41 creatures vanquished.

Notes
Turn   | Place    | Note
-------+----------+-------------------------------------------
     0 | D:1      | skittles the Draconian Fire Elementalist began the quest for the Orb.
     0 | D:1      | Reached XP level 1. HP: 14/14 MP: 3/3
   531 | D:1      | Reached XP level 2. HP: 17/20 MP: 5/5
  1219 | D:2      | Reached XP level 3. HP: 26/26 MP: 2/6
  1369 | D:2      | Learned a level 3 spell: Conjure Flame
  1527 | D:2      | Reached skill level 4 in Fire Magic
  2287 | D:3      | Reached XP level 4. HP: 12/33 MP: 0/7
  2605 | D:3      | Noticed a centaur
  2621 | D:3      | Shot with an arrow by a centaur

Skill      XL: |  1  2  3  4 |
---------------+-------------+-----
Conjurations   | 2 3 |  3.2
Fire Magic     | 4 |  4.6
Dodging        | |  1.7
Stealth        | |  1.7
Spellcasting   | |  2.0

Action                   |  1- 3 |  4- 6 || total
-------------------------+-------+-------++-------
Melee: Unarmed           |    35 |       ||    35
       Dagger            |    42 |       ||    42
       Tailslap          |     7 |       ||     7
       Short sword       |    33 |     2 ||    35
 Cast: Flame Tongue      |    28 |    13 ||    41
  Use: Scroll            |     1 |       ||     1
       Potion            |       |     2 ||     2
 Stab: Sleeping          |     2 |     1 ||     3
  Eat: Chunk             |     5 |       ||     5
Armor: Skin              |    49 |     4 ||    53
Dodge: Dodged            |    98 |    12 ||   110
